 Dungeon Crawl Stone Soup version 0.23-a0-741-g38971ea054 (webtiles) character file.

68 LLavrengius the Changer (level 4, 0/28 HPs)
             Began as an Octopode Transmuter on Jan 18, 2019.
             Succumbed to an adder's poison
             ... on level 2 of the Dungeon.
             The game lasted 00:03:52 (1371 turns).

LLavrengius the Changer (Octopode Transmuter)       Turns: 1371, Time: 00:03:53

Health: 0/28       AC:  1    Str:  9    XL:     4   Next: 19%
Magic:  7/7        EV: 13    Int: 21    God:
Gold:   47         SH:  0    Dex: 12    Spells: 4/7 levels left

rFire    . . .     SeeInvis +     - Unarmed
rCold    . . .     Gourm    .   (no shield)
rNeg     . . .     Faith    .   (helmet restricted)
rPois    .         Spirit   .   (no amulet)
rElec    .         Reflect  .   f - ring of see invisible
rCorr    .         Harm     .   (no ring)
MR       .....                  (no ring)
Stlth    +++.......             (no ring)
HPRegen  0.09/turn              (no ring)
MPRegen  0.10/turn              (no ring)
                                (no ring)
                                (no ring)

@: brilliant, lethally poisoned (0 -> -14), flying
A: almost no armour, stealthy swim, amphibious, 8 rings, constrict 8, camouflage
1, gelatinous body 1
a: no special abilities


You were on level 2 of the Dungeon.
You were hungry.

You visited 1 branch of the dungeon, and saw 2 of its levels.

You collected 47 gold pieces.

Inventory:

Hand Weapons
 g - a +0 dagger of draining
 m - a +0 hunting sling
Missiles
 a - 51 arrows
 n - 56 stones (quivered)
Jewellery
 f - a ring of see invisible (left tentacle)
Wands
 p - a wand of acid (13)
Scrolls
 b - 2 scrolls of noise {unknown}
 e - a scroll of enchant weapon {unknown}
 h - a scroll of teleportation {unknown}
 i - 4 scrolls of immolation {unknown}
 k - 2 scrolls of identify {unknown}
 l - a scroll of fear {unknown}
Comestibles
 c - 3 rations
 o - a chunk of flesh


   Skills:
 - Level 1.0 Fighting
 - Level 2.0 Dodging
 - Level 3.0 Stealth
 - Level 3.0 Unarmed Combat
 - Level 2.0 Spellcasting
 + Level 3.6 Transmutations


You had 4 spell levels left.
You knew the following spells:

 Your Spells              Type           Power        Failure   Level  Hunger
a - Beastly Appendage     Tmut           ####..       1%          1    #......
b - Sticks to Snakes      Tmut           ####....     1%          2    ##.....

Your spell library contained the following spells:

 Spells                   Type           Power        Failure   Level  Hunger
 Spider Form              Tmut/Pois      ###.......   2%          3    ###....
 Ice Form                 Ice/Tmut       ###.....     8%          4    #####..
 Blade Hands              Tmut           ####......   10%         5    ######.


Dungeon Overview and Level Annotations

Branches:
Dungeon (2/15)

Altars:


Innate Abilities, Weirdness & Mutations

You cannot wear most types of armour.
You are very stealthy in the water. (Stealth+)
You are amphibious.
You can wear up to eight rings at the same time.
You can use your tentacles to constrict eight enemies at once.
Your skin changes colour to match your surroundings (Stealth+).
Your rubbery body absorbs attacks. (AC +1, EV +1)


Message History

* * * LOW HITPOINT WARNING * * *
You feel sick. The adder barely misses you.
You tentacle-slap the adder. You grab the adder.
The adder is lightly wounded.
You constrict the adder.
* * * LOW HITPOINT WARNING * * *
You feel sick. The adder bites you.
* * * LOW HITPOINT WARNING * * *
You are more poisoned.
The adder poisons you!
You tentacle-slap the adder.
The adder is heavily wounded.
You constrict the adder.
* * * LOW HITPOINT WARNING * * *
You feel sick. The adder bites you.
* * * LOW HITPOINT WARNING * * *
Unknown command.
You tentacle-slap the adder.
You kill the adder!
You die...

#.#.....##....)
#.##.#.>##.##.#..#
#.##.#..##.##.#..#
#.##.#..#.........
#.##.#..##.##.#..#
#.##.#..##........
#!##..............
#†####..########.#
#@# #..# #.# #.##
##.# #.# #..####.#
#.#
#....##.########.#
#.##........^....
#.####..########
#...............
######..########
#..#


There were no monsters in sight!

Vanquished Creatures
  3 adders (D:2)
  2 dart slugs
  2 leopard geckos (D:1)
  3 giant cockroaches (D:1)
  7 goblins
  2 hobgoblins (D:1)
  6 kobolds
  A ball python (D:2)
  4 bats (D:1)
  4 frilled lizards (D:1)
  4 rats
38 creatures vanquished.

Notes
Turn   | Place    | Note
-------+----------+-------------------------------------------
     0 | D:1      | LLavrengius the Octopode Transmuter began the quest for the
                  | Orb.
     0 | D:1      | Reached XP level 1. HP: 13/13 MP: 3/3
   131 | D:1      | Reached skill level 1 in Stealth
   176 | D:1      | Reached XP level 2. HP: 18/18 MP: 3/5
   666 | D:1      | Reached XP level 3. HP: 23/23 MP: 6/6
   670 | D:1      | Learned a level 2 spell: Sticks to Snakes
  1368 | D:2      | Reached XP level 4. HP: 9/28 MP: 7/7
  1370 | D:2      | HP: 1/28 [adder (2)]
  1371 | D:2      | Succumbed to an adder's poison

Vault maps used:
D:1:      sevenhm_arrival_forest_fort_small_6, minmay_close_crescents
D:2:      lemuel_blue_sif_altar

Skill      XL: |  1  2  3 |
---------------+----------+-----
Stealth        | 1 2 3 |  3.0
Transmutations | 3 |  3.6
Fighting       | |  1.0
Dodging        | |  2.0
Unarmed Combat | |  3.0
Spellcasting   | |  2.0

Action                   |  1- 3 |  4- 6 || total
-------------------------+-------+-------++-------
Melee: Unarmed           |    77 |     3 ||    80
       Constrict         |    20 |     1 ||    21
       Tentacles         |    13 |       ||    13
       Kick              |     3 |       ||     3
       Punch             |     2 |       ||     2
 Cast: Beastly Appendage |     4 |       ||     4
  Use: Potion            |     2 |       ||     2
 Stab: Sleeping          |    10 |       ||    10
  Eat: Chunk             |     1 |       ||     1
Armor: Skin              |     3 |       ||     3
Dodge: Dodged            |    53 |     1 ||    54

Table legend:
 A = Non-vault XP
 B = Vault XP
 C = Vault XP percentage of total XP
 D = Non-vault monster count
 E = Vault monster count
 F = Vault count percentage of total count
                 A         B        C        D         E       F
            +---------+---------+-------+---------+---------+-------
      Total |      91 |       7 |   7.1 |      33 |       5 |  13.2
            +---------+---------+-------+---------+---------+-------
        D:1 |      41 |       7 |  14.6 |      24 |       5 |  17.2
        D:2 |      50 |       0 |   0.0 |       9 |       0 |   0.0
            +---------+---------+-------+---------+---------+-------
